PAAA
BAKERSFIELD NOBLES @ SALT LAKE CITY BUZZ
08/06/2017
 
TOP OF THE 1ST
Bakersfield Nobles batting - Pitching for Salt Lake City Buzz : LHP Joe Kehoe
Pitching: LHP Joe Kehoe
Batting: RHB Morton Kelly 0-0: Called Strike
0-1: Foul Ball, location: 2F
0-2: Strikes out swinging
Batting: RHB Bill Wilhelm 0-0: Called Strike
0-1: Ball
1-1: Ball
2-1: Foul Ball, location: 2F
2-2: Ball
3-2: Base on Balls
Batting: LHB Tim Walker 0-0: Ball
1-0: Fly out, F6 (Popup, 56D)
Batting: RHB Jorge Gonzáles 0-0: Ball
1-0: Ball
2-0: DOUBLE (Line Drive, 7LM)
Bill Wilhelm to third
Runner from 3rd tries for Home, SAFE, no throw or cutoff
Batting: RHB Lockwood Rose 0-0: Ball
1-0: Foul Ball, location: 2F
1-1: Foul Ball, location: 2F
1-2: Ball
2-2: Foul Ball, location: 2F
2-2: Strikes out looking
Top of the 1st over - 1 run(s), 1 hit(s), 0 error(s), 1 left on base; Bakersfield 1 - Salt Lake City 0
BOTTOM OF THE 1ST
Salt Lake City Buzz batting - Pitching for Bakersfield Nobles : RHP Chuck Steele
Pitching: RHP Chuck Steele
Batting: RHB Jim Coffey 0-0: Ball
1-0: Ball
2-0: Ball
3-0: Base on Balls
Batting: RHB Ugo Brandini 0-0: Ball
1-0: Fly out, F7 (Flyball, 78M)
Batting: RHB Jack Alexander 0-0: Ball
Jim Coffey steals 2nd base
1-0: Foul Ball, location: 2F
1-1: Ball
2-1: Foul Ball, location: 2F
2-2: Ball
3-2: Fly out, F3 (Popup, 23)
Batting: LHB Fernando González 0-0: Ball
1-0: Called Strike
1-1: Foul Ball, location: 2F
1-2: Ball
2-2: SINGLE (Groundball, 34D)
Jim Coffey to third
Runner from 3rd tries for Home, SAFE, no throw or cutoff
Batting: RHB Jason Delaney 0-0: Called Strike
0-1: Ball
1-1: Fly out, F8 (Flyball, 8LM)
Bottom of the 1st over - 1 run(s), 1 hit(s), 0 error(s), 1 left on base; Bakersfield 1 - Salt Lake City 1
TOP OF THE 2ND
Bakersfield Nobles batting - Pitching for Salt Lake City Buzz : LHP Joe Kehoe
Batting: RHB Nate Cates 0-0: Foul Ball, location: 2F
0-1: Fly out, F6 (Popup, 6M)
Batting: SHB Cedric Fields 0-0: Ball
1-0: Ball
2-0: Called Strike
2-1: SINGLE (Flyball, 89S)
Batting: RHB Ron Gérard 0-0: Called Strike
0-1: Ground out 6-3 (Groundball, 6M)
Cedric Fields to second
Batting: RHB Ángel Vargas 0-0: Called Strike
0-1: Swinging Strike
0-2: Ball
1-2: Fly out, F9 (Line Drive, 89S)
Top of the 2nd over - 0 run(s), 1 hit(s), 0 error(s), 1 left on base; Bakersfield 1 - Salt Lake City 1
BOTTOM OF THE 2ND
Salt Lake City Buzz batting - Pitching for Bakersfield Nobles : RHP Chuck Steele
Batting: RHB Archie Green 0-0: Ground out 5-3 (Groundball, 5)
Batting: SHB Alfonso Torres 0-0: Ball
1-0: Swinging Strike
1-1: Foul Ball, location: 2F
1-2: Strikes out swinging
Batting: RHB John Ramsey 0-0: Ball
1-0: Ball
2-0: Ball
3-0: Called Strike
3-1: Ground out 6-3 (Groundball, 6M)
Bottom of the 2nd over - 0 run(s), 0 hit(s), 0 error(s), 0 left on base; Bakersfield 1 - Salt Lake City 1
TOP OF THE 3RD
Bakersfield Nobles batting - Pitching for Salt Lake City Buzz : LHP Joe Kehoe
Batting: RHB Morton Kelly 0-0: Ball
1-0: Bunt for hit - play at first, batter OUT! 1-4
Batting: RHB Bill Wilhelm 0-0: Ball
1-0: Called Strike
1-1: Fly out, F6 (Popup, 6S)
Batting: LHB Tim Walker 0-0: Called Strike
0-1: SINGLE (Groundball, 34)
Batting: RHB Jorge Gonzáles 0-0: Swinging Strike
0-1: Foul Ball, location: 2F
0-2: Strikes out swinging
Top of the 3rd over - 0 run(s), 1 hit(s), 0 error(s), 1 left on base; Bakersfield 1 - Salt Lake City 1
BOTTOM OF THE 3RD
Salt Lake City Buzz batting - Pitching for Bakersfield Nobles : RHP Chuck Steele
Batting: LHB Chris Stoltzfus 0-0: Ball
1-0: Fly out, F2 (Popup, 2LF)
Batting: RHB Jim Coffey 0-0: Called Strike
0-1: Ball
1-1: SINGLE (Flyball, 89S)
Batting: RHB Ugo Brandini 0-0: Called Strike
0-1: Foul Ball, location: 2F
0-2: Strikes out swinging
Batting: RHB Jack Alexander 0-0: Called Strike
0-1: SINGLE (Line Drive, 56)
Jim Coffey to second
Batting: LHB Fernando González 0-0: Ball
1-0: SINGLE (Line Drive, 3D)
Jim Coffey to third
Jack Alexander to second
Runner from 3rd tries for Home, SAFE, no throw or cutoff
Batting: RHB Jason Delaney 0-0: Called Strike
0-1: Reached on error, E6 (Groundball, 56)
Jack Alexander scores
Fernando González to third
Batting: RHB Archie Green 0-0: Called Strike
0-1: Ground out 4-3 (Groundball, 4)
Bottom of the 3rd over - 2 run(s), 3 hit(s), 1 error(s), 2 left on base; Bakersfield 1 - Salt Lake City 3
TOP OF THE 4TH
Bakersfield Nobles batting - Pitching for Salt Lake City Buzz : LHP Joe Kehoe
Batting: RHB Lockwood Rose 0-0: Fly out, F9 (Flyball, 89M)
Batting: RHB Nate Cates 0-0: Ball
1-0: Ball
2-0: Foul Ball, location: 2F
2-1: Ball
3-1: Swinging Strike
3-2: Foul Ball, location: 2F
3-2: Strikes out swinging
Batting: SHB Cedric Fields 0-0: Foul Ball, location: 2F
0-1: SINGLE (Flyball, 9LS)
Batting: RHB Ron Gérard 0-0: Called Strike
0-1: Called Strike
0-2: Strikes out swinging
Top of the 4th over - 0 run(s), 1 hit(s), 0 error(s), 1 left on base; Bakersfield 1 - Salt Lake City 3
BOTTOM OF THE 4TH
Salt Lake City Buzz batting - Pitching for Bakersfield Nobles : RHP Chuck Steele
Batting: SHB Alfonso Torres 0-0: Swinging Strike
0-1: SINGLE (Line Drive, 8RS)
Batting: RHB John Ramsey 0-0: Called Strike
0-1: Called Strike
0-2: Ball
1-2: Ball
2-2: Strikes out swinging
Batting: LHB Chris Stoltzfus 0-0: Swinging Strike
0-1: Ball
1-1: TRIPLE (Line Drive, 3D)
Alfonso Torres scores
Batting: RHB Jim Coffey 0-0: Called Strike
0-1: Called Strike
0-2: Foul Ball, location: 2F
0-2: Ball
1-2: Ball
2-2: Strikes out swinging
Batting: RHB Ugo Brandini 0-0: Ball
1-0: Fly out, F4 (Popup, 4MD)
Bottom of the 4th over - 1 run(s), 2 hit(s), 0 error(s), 1 left on base; Bakersfield 1 - Salt Lake City 4
TOP OF THE 5TH
Bakersfield Nobles batting - Pitching for Salt Lake City Buzz : LHP Joe Kehoe
Batting: RHB Ángel Vargas 0-0: Ball
1-0: Ball
2-0: SINGLE (Groundball, 56D)
Batting: RHB Morton Kelly 0-0: Called Strike
0-1: DOUBLE (Line Drive, 8RD)
Ángel Vargas to third
Batting: RHB Bill Wilhelm 0-0: Ball
1-0: Ball
2-0: Called Strike
2-1: Foul Ball, location: 2F
2-2: Foul Ball, location: 2F
2-2: SINGLE (Line Drive, 8LS)
Ángel Vargas scores
Morton Kelly to third
Runner from 3rd tries for Home, SAFE, no throw or cutoff
Batting: LHB Tim Walker 0-0: DOUBLE (Flyball, 7LM)
Bill Wilhelm to third
Batting: RHB Jorge Gonzáles 0-0: Ground out 4-3 (Groundball, 4)
Bill Wilhelm scores
Tim Walker to third
Batting: RHB Lockwood Rose 0-0: Swinging Strike
0-1: 2-RUN HOME RUN (Flyball, 7D), Distance : 404 ft
Pitching: RHP Mike Hickey
Batting: RHB Nate Cates 0-0: Swinging Strike
0-1: SINGLE (Groundball, 6MD)
Batting: SHB Cedric Fields 0-0: Swinging Strike
0-1: Ball
1-1: Ball
2-1: Swinging Strike
Throwing error on steal attempt, E2
Nate Cates to third
2-2: Ball
3-2: Foul Ball, location: 2F
3-2: Base on Balls
Batting: RHB Ron Gérard 0-0: Foul Ball, location: 2F
0-1: Fly out, F8 (Flyball, 8RM)
Runner from 3rd tags up, SCORES, throw made
Batting: RHB Ángel Vargas 0-0: Called Strike
0-1: Ball
1-1: Called Strike
1-2: Foul Ball, location: 2F
1-2: Foul Ball, location: 2F
1-2: Ball
Cedric Fields steals 2nd base
2-2: Strikes out swinging
Top of the 5th over - 6 run(s), 6 hit(s), 1 error(s), 1 left on base; Bakersfield 7 - Salt Lake City 4
BOTTOM OF THE 5TH
Salt Lake City Buzz batting - Pitching for Bakersfield Nobles : RHP Chuck Steele
Batting: RHB Jack Alexander 0-0: Ball
1-0: Ground out U3 (Groundball, 3L)
Batting: LHB Fernando González 0-0: Ball
1-0: DOUBLE (Line Drive, 8LS)
Batting: RHB Jason Delaney 0-0: Called Strike
0-1: Foul Ball, location: 2F
0-2: Ball
1-2: Ball
2-2: Ground out U3 (Groundball, 3)
Fernando González to third
Batting: RHB Archie Green 0-0: Swinging Strike
0-1: Ball
1-1: Fly out, F7 (Flyball, 78S)
Bottom of the 5th over - 0 run(s), 1 hit(s), 0 error(s), 1 left on base; Bakersfield 7 - Salt Lake City 4
TOP OF THE 6TH
Bakersfield Nobles batting - Pitching for Salt Lake City Buzz : RHP Mike Hickey
Batting: RHB Morton Kelly 0-0: Called Strike
0-1: Ball
1-1: Swinging Strike
1-2: Foul Ball, location: 2F
1-2: Foul Ball, location: 2F
1-2: Ball
2-2: Strikes out looking
Batting: RHB Bill Wilhelm 0-0: Swinging Strike
0-1: Ball
1-1: Swinging Strike
1-2: Strikes out swinging
Batting: LHB Tim Walker 0-0: Ball
1-0: Ground out 4-3 (Groundball, 34)
Top of the 6th over - 0 run(s), 0 hit(s), 0 error(s), 0 left on base; Bakersfield 7 - Salt Lake City 4
BOTTOM OF THE 6TH
Salt Lake City Buzz batting - Pitching for Bakersfield Nobles : RHP Chuck Steele
Batting: SHB Alfonso Torres 0-0: Called Strike
0-1: SINGLE (Line Drive, 8RS)
Batting: RHB John Ramsey 0-0: SINGLE (Line Drive, 9S)
Alfonso Torres to second
Batting: LHB Chris Stoltzfus 0-0: Swinging Strike
0-1: Foul Ball, location: 2F
0-2: Ball
1-2: Foul Ball, location: 2F
1-2: Strikes out looking
Batting: RHB Jim Coffey 0-0: Fielders Choice at 2nd, 1-6 (Groundball, 13S)
Alfonso Torres to third
Batting: RHB Ugo Brandini 0-0: Ball
1-0: Foul Ball, location: 2F
1-1: Swinging Strike
1-2: Ball
2-2: SINGLE (Line Drive, 6M)
Alfonso Torres scores
Jim Coffey to second
Pitching: RHP Aaron Greene
Batting: RHB Jack Alexander 0-0: Called Strike
0-1: Ball
1-1: Ball
2-1: SINGLE (Groundball, 6M)
Jim Coffey to third
Ugo Brandini to second
Runner from 3rd tries for Home, SAFE, no throw or cutoff
Batting: LHB Fernando González 0-0: Called Strike
0-1: Called Strike
0-2: Strikes out swinging
Bottom of the 6th over - 2 run(s), 4 hit(s), 0 error(s), 2 left on base; Bakersfield 7 - Salt Lake City 6
TOP OF THE 7TH
Bakersfield Nobles batting - Pitching for Salt Lake City Buzz : RHP Mike Hickey
Batting: RHB Jorge Gonzáles 0-0: Called Strike
0-1: Ball
1-1: Foul Ball, location: 2F
1-2: Ground out 4-3 (Groundball, 4)
Pitching: LHP Bill Bullard
Batting: RHB Lockwood Rose 0-0: Called Strike
0-1: Ground out 4-3 (Groundball, 4)
Batting: RHB Nate Cates 0-0: Called Strike
0-1: Ball
1-1: Swinging Strike
1-2: Ball
2-2: Strikes out swinging, 2-3 out at first.
Top of the 7th over - 0 run(s), 0 hit(s), 0 error(s), 0 left on base; Bakersfield 7 - Salt Lake City 6
BOTTOM OF THE 7TH
Salt Lake City Buzz batting - Pitching for Bakersfield Nobles : RHP Aaron Greene
Batting: RHB Jason Delaney 0-0: Called Strike
0-1: Ball
1-1: Foul Ball, location: 2F
1-2: Foul Ball, location: 2F
1-2: Foul Ball, location: 2F
1-2: Foul Ball, location: 2F
1-2: Ground out 6-3 (Groundball, 6M)
Batting: RHB Archie Green 0-0: Called Strike
0-1: Ball
1-1: SINGLE (Groundball, 56D)
Pinch Hitting: LHB Jim Unknown 0-0: Ball
1-0: SINGLE (Line Drive, 6D)
Archie Green to second
Batting: RHB John Ramsey 0-0: Ball
1-0: Swinging Strike
1-1: Ball
2-1: Ball
3-1: Foul Ball, location: 2F
3-2: Reached on error, E5 (Groundball, 56)
Archie Green to third
Jim Unknown to second
Batting: LHB Chris Stoltzfus 0-0: Ball
1-0: Called Strike
1-1: Fly out, F8 (Line Drive, 8RM)
Batting: RHB Jim Coffey 0-0: SINGLE (Groundball, 56D)
Archie Green scores
Jim Unknown to third
John Ramsey to second
Batting: RHB Ugo Brandini 0-0: Called Strike
0-1: Ball
1-1: Foul Ball, location: 2F
1-2: Fielders Choice at 2nd, U6 (Groundball, 6M)
Bottom of the 7th over - 1 run(s), 3 hit(s), 1 error(s), 3 left on base; Bakersfield 7 - Salt Lake City 7
TOP OF THE 8TH
Bakersfield Nobles batting - Pitching for Salt Lake City Buzz : LHP Bill Bullard
Now in RF: Jim Unknown
Batting: SHB Cedric Fields 0-0: SINGLE (Groundball, 34D)
Pitching: RHP Suezo Sato
Pinch Hitting: RHB Kyle Bridges 0-0: Called Strike
0-1: Ground out 5-3 (Groundball, 5S)
Cedric Fields to second
Batting: RHB Ángel Vargas 0-0: SINGLE (Groundball, 34D)
Cedric Fields to third
Batting: RHB Morton Kelly 0-0: Ball
1-0: Foul Ball, location: 2F
1-1: SINGLE (Groundball, 4MD)
Cedric Fields scores
Ángel Vargas to second
Pinch Hitting: LHB Riley Nichols 0-0: Ball
1-0: Foul Ball, location: 2F
1-1: Ball
2-1: Ball
3-1: Called Strike
3-2: Base on Balls
Ángel Vargas to third
Morton Kelly to second
Batting: LHB Tim Walker 0-0: Ball
1-0: Ball
2-0: Foul Ball, location: 2F
2-1: Grounds into double play, 4-6-3 (Groundball, 4)
Top of the 8th over - 1 run(s), 3 hit(s), 0 error(s), 2 left on base; Bakersfield 8 - Salt Lake City 7
BOTTOM OF THE 8TH
Salt Lake City Buzz batting - Pitching for Bakersfield Nobles : RHP Aaron Greene
Now at SS: Tyrone Morgan
Now in CF: Riley Nichols
Batting: RHB Jack Alexander 0-0: Ball
1-0: Called Strike
1-1: Swinging Strike
1-2: Ground out 5-3 (Groundball, 15S)
Pitching: LHP Gerardo Márquez
Batting: LHB Fernando González 0-0: Ball
1-0: DOUBLE (Line Drive, 7LS)
Pitching: RHP Rob Hanson
Batting: RHB Jason Delaney 0-0: DOUBLE (Line Drive, 89M)
Fernando González scores
Batting: RHB Archie Green 0-0: Foul Ball, location: 2F
0-1: Swinging Strike
0-2: Fly out, F7 (Flyball, 7M)
Batting: LHB Jim Unknown 0-0: Ball
1-0: Foul Ball, location: 2F
1-1: Ball
2-1: Ball
3-1: Base on Balls
Batting: RHB John Ramsey 0-0: Called Strike
0-1: Foul Ball, location: 2F
0-2: Ball
1-2: Ball
2-2: Foul Ball, location: 2F
2-2: SINGLE (Flyball, 9LS)
Jason Delaney to third
Jim Unknown to second
Batting: LHB Chris Stoltzfus 0-0: Called Strike
0-1: Called Strike
0-2: Ball
1-2: Foul Ball, location: 2F
1-2: Ball
2-2: Foul Ball, location: 2F
2-2: Ball
3-2: Fly out, F3 (Popup, 3SF)
Bottom of the 8th over - 1 run(s), 3 hit(s), 0 error(s), 3 left on base; Bakersfield 8 - Salt Lake City 8
TOP OF THE 9TH
Bakersfield Nobles batting - Pitching for Salt Lake City Buzz : RHP Suezo Sato
Batting: RHB Jorge Gonzáles 0-0: Ball
1-0: Foul Ball, location: 2F
1-1: Swinging Strike
1-2: Ground out 4-3 (Groundball, 4)
Batting: RHB Lockwood Rose 0-0: Ball
1-0: Swinging Strike
1-1: Foul Ball, location: 2F
1-2: Strikes out looking
Batting: RHB Nate Cates 0-0: Ball
1-0: Ball
2-0: Foul Ball, location: 2F
2-1: Foul Ball, location: 2F
2-2: Foul Ball, location: 2F
2-2: Ball
3-2: Ground out 1-3 (Groundball, 13S)
Top of the 9th over - 0 run(s), 0 hit(s), 0 error(s), 0 left on base; Bakersfield 8 - Salt Lake City 8
BOTTOM OF THE 9TH
Salt Lake City Buzz batting - Pitching for Bakersfield Nobles : RHP Rob Hanson
Pitching: RHP Jim Unknown
Batting: RHB Jim Coffey 0-0: Swinging Strike
0-1: Called Strike
0-2: Ball
1-2: Ball
2-2: Foul Ball, location: 2F
2-2: Strikes out swinging
Batting: RHB Ugo Brandini 0-0: Called Strike
0-1: Ball
1-1: Foul Ball, location: 2F
1-2: Ball
2-2: Foul Ball, location: 2F
2-2: Foul Ball, location: 2F
2-2: Strikes out looking
Batting: RHB Jack Alexander 0-0: Foul Ball, location: 2F
0-1: Ball
1-1: Swinging Strike
1-2: Ball
2-2: Strikes out swinging
Bottom of the 9th over - 0 run(s), 0 hit(s), 0 error(s), 0 left on base; Bakersfield 8 - Salt Lake City 8
TOP OF THE 10TH
Bakersfield Nobles batting - Pitching for Salt Lake City Buzz : RHP Suezo Sato
Batting: SHB Cedric Fields 0-0: Ground out 4-3 (Groundball, 4)
Pinch Hitting: SHB Walt Smith 0-0: Ball
1-0: Ball
2-0: Ball
3-0: Called Strike
3-1: Foul Ball, location: 2F
3-2: Strikes out swinging
Batting: RHB Ángel Vargas 0-0: Ball
1-0: Ball
2-0: Ball
3-0: Swinging Strike
3-1: Foul Ball, location: 2F
3-2: Strikes out swinging
Top of the 10th over - 0 run(s), 0 hit(s), 0 error(s), 0 left on base; Bakersfield 8 - Salt Lake City 8
BOTTOM OF THE 10TH
Salt Lake City Buzz batting - Pitching for Bakersfield Nobles : RHP Jim Unknown
Now at 2B: Phil Parkinson
Batting: LHB Fernando González 0-0: Ball
1-0: Ball
2-0: Swinging Strike
2-1: Called Strike
2-2: Ball
3-2: Fly out, F9 (Flyball, 89S)
Batting: RHB Jason Delaney 0-0: Ball
1-0: DOUBLE (Line Drive, 3D)
Pinch Hitting: LHB Frank Bass 0-0: Swinging Strike
0-1: Called Strike
0-2: Foul Ball, location: 2F
0-2: SINGLE (Line Drive, 6MD)
Jason Delaney to third
Batting: LHB Jim Unknown 0-0: Fly out, F8 (Flyball, 8LS)
Batting: RHB John Ramsey 0-0: Called Strike
0-1: Fly out, F6 (Popup, 6)
Bottom of the 10th over - 0 run(s), 2 hit(s), 0 error(s), 2 left on base; Bakersfield 8 - Salt Lake City 8
TOP OF THE 11TH
Bakersfield Nobles batting - Pitching for Salt Lake City Buzz : RHP Suezo Sato
Now at C: Lúcio Gonzáles
Batting: RHB Morton Kelly 0-0: Called Strike
0-1: Ball
1-1: Foul Ball, location: 2F
1-2: SINGLE (Groundball, 56)
Batting: LHB Riley Nichols 0-0: Ball
1-0: Ball
2-0: Swinging Strike
2-1: Called Strike
2-2: Foul Ball, location: 2F
2-2: Strikes out swinging
Pitching: LHP Jim Unknown
Pinch Hitting: RHB Rudy Jedburgh 0-0: Swinging Strike
0-1: Foul Ball, location: 2F
0-2: Strikes out looking
Batting: RHB Jorge Gonzáles 0-0: Ball
1-0: Called Strike
1-1: Called Strike
1-2: Ball
2-2: Strikes out looking
Top of the 11th over - 0 run(s), 1 hit(s), 0 error(s), 1 left on base; Bakersfield 8 - Salt Lake City 8
BOTTOM OF THE 11TH
Salt Lake City Buzz batting - Pitching for Bakersfield Nobles : RHP Jim Unknown
Pitching: LHP José Guerrero
Now in CF: Lawrence Olsen
Batting: LHB Chris Stoltzfus 0-0: Called Strike
0-1: Foul Ball, location: 2F
0-2: Ball
1-2: Ball
2-2: SINGLE (Groundball, 4M)
Batting: RHB Jim Coffey 0-0: Foul Ball, location: 2F
0-1: Ball
1-1: Ball
2-1: Ball
3-1: SINGLE (Line Drive, 89S)
Chris Stoltzfus to second
Batting: RHB Ugo Brandini 0-0: Ball
1-0: Ball
2-0: SINGLE (Line Drive, 6MD)
Chris Stoltzfus to third
Jim Coffey to second
Runner from 3rd tries for Home, SAFE, no throw or cutoff
This league is powered by Out of the Park Baseball, the baseball management simulation game for PC, Mac and Linux
Saturday, February 27th, 2021 - OOTP Baseball 15.6 Build 34